 Dungeon Crawl Stone Soup version 0.25-a0-782-g655279ceaa (webtiles) character file.

Game seed: 4187975129676513015, levelgen mode: deterministic

4792 Flugslaktarn the Cleaver (level 10, -6/90 HPs)
             Began as a Minotaur Fighter on Apr 16, 2020.
             Was a Priest of Cheibriados.
             Mangled by an orc warrior
             ... wielding a +0 hand axe
              (15 damage)
             ... on level 9 of the Dungeon.
             The game lasted 00:03:28 (6064 turns).

Flugslaktarn the Cleaver (Minotaur Fighter)         Turns: 6064, Time: 00:03:28

Health: -6/90      AC: 12    Str: 29    XL:     10   Next: 24%
Magic:  12/12      EV: 11    Int: 11    God:    Cheibriados [***...]
Gold:   412        SH: 15    Dex: 17    Spells: 9/9 levels left

rFire    . . .     SeeInvis .   a - +1 war axe
rCold    . . .     Gourm    .   d - +3 kite shield
rNeg     . . .     Faith    .   j - +0 chain mail
rPois    .         Spirit   .   (helmet restricted)
rElec    .         Reflect  .   h - +0 cloak
rCorr    .         Harm     .   (no gloves)
MR       .....                  (no boots)
Stlth    ..........             (no amulet)
HPRegen  0.25/turn              (no ring)
MPRegen  0.13/turn              v - +4 ring of evasion

@: lethally poisoned (-6 -> -6), very slightly contaminated, very slow
A: retaliatory headbutt, horns 2
a: Bend Time, Temporal Distortion, Renounce Religion


You were on level 9 of the Dungeon.
You worshipped Cheibriados.
Cheibriados was most pleased with you.
You were hungry.

You visited 1 branch of the dungeon, and saw 9 of its levels.

You collected 412 gold pieces.

Inventory:

Hand Weapons
 a - a +1 war axe (weapon)
Armour
 d - a +3 kite shield (worn)
   (You found it on level 7 of the Dungeon)
 h - a +0 cloak (worn)
   (You found it on level 3 of the Dungeon)
 j - a +0 chain mail (worn)
   (You found it on level 3 of the Dungeon)
Jewellery
 v - a +4 ring of evasion (right hand)
   (You found it on level 6 of the Dungeon)
Wands
 i - a wand of iceblast (7)
   (You found it on level 3 of the Dungeon)
Scrolls
 c - a scroll of noise {unknown}
 f - 2 scrolls of fear
 g - a scroll of enchant armour
 k - a scroll of remove curse {unknown}
 l - a scroll of magic mapping
 o - a scroll of immolation {unknown}
 p - a scroll of identify {unknown}
 s - a scroll of random uselessness {unknown}
 t - a scroll of teleportation
 u - a scroll of enchant weapon
 z - 2 scrolls of blinking
Potions
 b - a potion of magic {unknown}
 m - a potion of flight
 n - a potion of mutation {unknown}
 q - 2 potions of curing
Comestibles
 e - 15 rations


   Skills:
 + Level 8.5 Fighting
 * Level 11.0 Axes
 + Level 8.5 Armour
 + Level 8.5 Shields
 + Level 4.4 Invocations


You had 9 spell levels left.
You didn't know any spells.
Your spell library was empty.

Dungeon Overview and Level Annotations

Branches:
Dungeon (9/15)             Temple (0/1) D:7
   Lair: D:8-11         Orc: D:9-12

Altars:
Cheibriados
Dithmenos
Fedhas
Hepliaklqana
Kikubaaqudgha
Nemelex Xobeh
Okawaru
Qazlal
Uskayaw
Vehumet
Xom
Yredelemnul
Zin
The Shining One

Shops:
D:5 }

Annotations:
D:3 2 transporters


Innate Abilities, Weirdness & Mutations

You reflexively headbutt those who attack you in melee.
You have a pair of horns on your head.


Message History

You closely miss the orc warrior. You headbutt the orc warrior!
The orc warrior is heavily wounded.
You closely miss the big kobold. You slash the hippogriff!
The hippogriff bites you.
* * * LOW HITPOINT WARNING * * *
You block the hippogriff's attack. The hippogriff claws you.
* * * LOW HITPOINT WARNING * * *
You block the big kobold's attack.
The orc warrior hits you but does no damage.
You hit the orc warrior but do no damage.
You headbutt the orc warrior, but do no damage.
The orc warrior is heavily wounded.
You slash the hippogriff! You hit the big kobold.
You kill the big kobold!
Cheibriados appreciates the change of pace.
The hippogriff bites you.
* * * LOW HITPOINT WARNING * * *
You block the hippogriff's attack. The hippogriff closely misses you.
The orc warrior hits you with a +0 hand axe!
You die...

##...#..#.#####..#.###########,*
,.......#.#***##.#.##........#,**
##.........,,* #......########,,,
**#.##..###*,* #...##.......l,,,,
* #,*#..****.###...##.#######****
***,*#.,,,,........(......####***
,,,,*#.,***#.###.#.#(.........,,,
******,,,,,,,* #)oK....K......,,,
** *,,,,,,,* #@#....(†......,,,
,* *,,,,,,,* #H#....()......,,,
,* *,,,,,,** #.##...))......,,,
,* *,,*******#.##..Kg..(....,,,
,* *,,* *,,,*#)###..........,,,
,** *,,* *,,,*#..,...........,,,
,,* *,,* *,,,,...............,,,
,** *,** *,,,,.....#.........,,,
,,* *,****,,,......#!.#######***


You could see a hippogriff, an orc warrior and 2 kobolds.

Vanquished Creatures
  A two-headed ogre (D:8)
  Prince Ribbit (D:6)
  A hornet (D:9)
  A hippogriff (D:5)
  A hungry ghost (D:9)
  A water moccasin (D:7)
  2 sky beasts
  4 orc warriors
  2 ice beasts
  5 ogres
  A phantom (D:9)
  3 centaurs
  A big kobold (D:9)
  3 bullfrogs
  A wyvern skeleton (D:8)
  A scorpion (D:4)
  4 wights (D:6)
  4 howler monkeys
  A crimson imp (D:6)
  2 bullfrog zombies
  A centaur skeleton (D:6)
  A bullfrog skeleton (D:6)
  A jelly (D:5)
  A gnoll shaman (D:4)
  6 orc priests
  7 hounds
  5 iguanas
  6 orc wizards
  3 worker ants
  A hound zombie (D:8)
  8 adders
  6 gnolls
  3 shadow imps
  An adder skeleton (D:8)
  An adder zombie (D:8)
  2 worms (D:4)
  A dart slug (D:3)
  3 leopard geckos
  33 orcs
  4 giant cockroaches
  4 goblins
  2 hobgoblins
  5 jackals
  3 kobolds
  A ball python skeleton (D:4)
  3 frilled lizards
  A leopard gecko zombie (D:8)
  A quokka zombie (D:6)
  3 rats (D:3)
157 creatures vanquished.

Notes
Turn   | Place    | Note
-------+----------+-------------------------------------------
     0 | D:1      | Flugslaktarn the Minotaur Fighter began the quest for the
                  | Orb.
     0 | D:1      | Reached XP level 1. HP: 19/19 MP: 0/0
     6 | D:1      | Noticed a black mamba
     6 | D:1      | Noticed a black bear
    74 | D:2      | Found a glowing golden altar of the Shining One.
   117 | D:2      | Reached XP level 2. HP: 27/27 MP: 1/1
   153 | D:3      | Reached skill level 3 in Axes
   158 | D:3      | Found a transporter.
   209 | D:3      | Found a transporter.
   279 | D:3      | Reached XP level 3. HP: 25/33 MP: 2/2
   539 | D:4      | Reached XP level 4. HP: 36/40 MP: 3/3
   542 | D:4      | Reached skill level 4 in Axes
   577 | D:4      | Reached XP level 5. HP: 43/47 MP: 4/4
   645 | D:4      | Reached skill level 5 in Axes
   660 | D:4      | Reached XP level 6. HP: 35/55 MP: 5/5
   797 | D:4      | Reached skill level 5 in Armour
   820 | D:4      | Reached skill level 5 in Fighting
  1029 | D:4      | Reached skill level 5 in Shields
  1285 | D:5      | Entered Level 5 of the Dungeon
  1286 | D:5      | Found an iron altar of Okawaru.
  1393 | D:5      | Reached skill level 6 in Axes
  1394 | D:5      | Reached XP level 7. HP: 5/61 MP: 6/6
  1986 | D:5      | Found a stormy altar of Qazlal.
  1987 | D:5      | Found a blossoming altar of Fedhas.
  1989 | D:5      | Found a sparkling altar of Nemelex Xobeh.
  1992 | D:5      | Found a radiant altar of Vehumet.
  1992 | D:5      | Found a glowing silver altar of Zin.
  2012 | D:5      | Reached skill level 7 in Axes
  2290 | D:5      | Found Ulol's Gadget Shoppe.
  2317 | D:5      | Noticed a hippogriff
  2328 | D:5      | Killed a hippogriff
  2328 | D:5      | Reached XP level 8. HP: 46/70 MP: 7/7
  2603 | D:5      | Found a basalt altar of Yredelemnul.
  2606 | D:5      | Found a hazy altar of Hepliaklqana.
  2609 | D:5      | Found a hide-covered altar of Uskayaw.
  2617 | D:5      | Found a snail-covered altar of Cheibriados.
  2718 | D:5      | Became a worshipper of Cheibriados the Contemplative
  3009 | D:6      | Noticed Prince Ribbit
  3041 | D:6      | Killed Prince Ribbit
  3041 | D:6      | Reached skill level 8 in Axes
  3041 | D:6      | Reached skill level 1 in Invocations
  3440 | D:6      | Reached * piety under Cheibriados
  3460 | D:6      | Reached skill level 9 in Axes
  3460 | D:6      | Reached XP level 9. HP: 27/79 MP: 9/9
  4577 | D:7      | Found a staircase to the Ecumenical Temple.
  4597 | D:7      | Found an ancient bone altar of Kikubaaqudgha.
  5020 | D:8      | Noticed a two-headed ogre
  5029 | D:8      | Killed a two-headed ogre
  5029 | D:8      | Reached skill level 10 in Axes
  5141 | D:8      | Found a shimmering altar of Xom.
  5215 | D:8      | Found a shadowy altar of Dithmenos.
  5273 | D:8      | Reached ** piety under Cheibriados
  5555 | D:8      | Reached XP level 10. HP: 88/88 MP: 12/12
  6032 | D:9      | Reached skill level 11 in Axes
  6039 | D:9      | Reached *** piety under Cheibriados
  6064 | D:9      | Mangled by an orc warrior

Levels and vault maps discovered:
D:1:      onia_arrival_zoo_common, layout_loops_ring
D:2:      layout_rooms, kennysheep_pointless_box, grunt_decor_mini_mirrors,
          tso_metal_star
D:3:      gammafunk_wand_slinger, layout_rooms
D:4:      layout_rooms, first_ration, st_stairs_4
D:5:      layout_rooms, grunt_temple_overflow_open,
          grunt_temple_overflow_cloverleaf, serial_shops, shop,
          chequers_big_river, okawaru_trees_1
D:6:      layout_basic, uniq_prince_ribbit1
D:7:      layout_loops_ring, nicolae_overflow_hidden_temple,
          minmay_temple_entry_statues, uniq_harold
D:8:      layout_loops_ring, kennysheep_mini_moat, lemuel_doored_altar
D:9:      layout_basic, grunt_ogre_cave

Skill      XL: |  1  2  3  4  5  6  7  8  9 10 |
---------------+-------------------------------+-----
Axes           | 3 4 5 6 7 9 10 11 | 11.0
Fighting       | 4 5 6 7 8 |  8.5
Armour         | 4 5 6 7 8 |  8.5
Shields        | 4 5 6 7 8 |  8.5
Invocations    | 2 4 |  4.4

Action                   |  1- 3 |  4- 6 |  7- 9 | 10-12 || total
-------------------------+-------+-------+-------+-------++-------
Melee: War axe           |    48 |   100 |   255 |    52 ||   455
       Headbutt          |     8 |    18 |    53 |    15 ||    94
  Use: Potion            |       |       |     3 |     1 ||     4
       Scroll            |       |       |       |     6 ||     6
  Eat: Chunk             |       |     2 |     3 |     1 ||     6
       Ration            |       |       |     2 |       ||     2
Armor: Scale mail        |    16 |       |       |       ||    16
       Chain mail        |     6 |    55 |   100 |    31 ||   192
Dodge: Dodged            |     8 |    23 |    61 |    37 ||   129
Block: Kite shield       |    19 |    52 |   145 |    62 ||   278

Table legend:
 A = Non-vault XP
 B = Vault XP
 C = Vault XP percentage of total XP
 D = Non-vault monster count
 E = Vault monster count
 F = Vault count percentage of total count
                 A         B        C        D         E       F
            +---------+---------+-------+---------+---------+-------
      Total |    6570 |     276 |   4.0 |     155 |       2 |   1.3
            +---------+---------+-------+---------+---------+-------
        D:1 |       6 |       0 |   0.0 |       3 |       0 |   0.0
        D:2 |       7 |       0 |   0.0 |       3 |       0 |   0.0
        D:3 |      61 |       0 |   0.0 |      17 |       0 |   0.0
        D:4 |     537 |       2 |   0.4 |      28 |       1 |   3.4
        D:5 |    1072 |       0 |   0.0 |      20 |       0 |   0.0
        D:6 |     915 |     274 |  23.0 |      25 |       1 |   3.8
        D:7 |    1228 |       0 |   0.0 |      21 |       0 |   0.0
        D:8 |    1709 |       0 |   0.0 |      20 |       0 |   0.0
        D:9 |    1035 |       0 |   0.0 |      18 |       0 |   0.0
            +---------+---------+-------+---------+---------+-------
